 Dungeon Crawl Stone Soup version 0.30.0-15-g856e2d3f33 (webtiles) character file.

Game seed: 15658288666375123974

936 ProzacElf the Cudgeller (level 7, -4/46 HPs)
             Began as a Demonspawn Wanderer on May 18, 2023.
             Was an Initiate of Nemelex Xobeh.
             Slain by a steam dragon (8 damage)
             ... on level 7 of the Dungeon.
             The game lasted 00:09:32 (4742 turns).

ProzacElf the Cudgeller (Demonspawn Wanderer)       Turns: 4742, Time: 00:09:32

Health: -4/46      AC:  8    Str: 18    XL:     7   Next: 87%
Magic:  10/10      EV: 11    Int: 11    God:    Nemelex Xobeh [......]
Gold:   298        SH:  6    Dex: 11    Spells: 6/6 levels left

rFire   . . .        a - +0 mace (elec)
rCold   . . .        A - +2 buckler
rNeg    . . .        o - +0 ring mail
rPois   .            (helmet restricted)
rElec   .            (no cloak)
rCorr   .            k - +0 pair of gloves
SInv    .            j - +0 pair of boots
Will    .....        (no amulet)
Stlth   ++           (no ring)
HPRegen 0.27/turn    (no ring)
MPRegen 0.12/turn

%: no passive effects
@: no status effects
A: horns 2, demonic guardian 1, sharp scales 1, demonic magic 1
a: Renounce Religion, Draw Escape, Draw Destruction, Draw Summoning


You were on level 7 of the Dungeon.
You worshipped Nemelex Xobeh.
Nemelex Xobeh was noncommittal.
You visited 2 branches of the dungeon, and saw 7 of its levels.

You collected 298 gold pieces.

Inventory:

Hand Weapons
 a - a +0 mace of electrocution (weapon)
 b - a +2 vampiric whip
 m - a +0 dire flail of protection
Missiles
 f - 2 poisoned darts
 i - a curare-tipped dart
 D - 5 datura-tipped darts (quivered)
Armour
 c - a +0 pair of gloves
 e - a +0 leather armour
 j - a +0 pair of boots (worn)
 k - a +0 pair of gloves (worn)
 o - a +0 ring mail (worn)
 t - a +0 kite shield
 A - a +2 buckler (worn)
Jewellery
 C - a ring of ice
Wands
 y - a wand of charming (4)
Scrolls
 g - 3 scrolls of teleportation
 l - a scroll of vulnerability
 u - a scroll of poison {unknown}
 x - a scroll of fog {unknown}
Potions
 d - a potion of heal wounds
 p - a potion of ambrosia {!e}
 v - a potion of curing
 z - a potion of magic
 B - 2 potions of cancellation
 E - 2 potions of haste
 G - a potion of flight


   Skills:
 + Level 6.0 Maces & Flails
 - Level 1.0 Throwing
 - Level 2.6 Dodging
 - Level 5.0 Stealth
 - Level 2.6 Shields
 + Level 4.7 Invocations


You had 6 spell levels left.
You didn't know any spells.
Your spell library contained the following spells:

 Spells                   Type           Power      Damage    Failure   Level
 Apportation              Tloc           0%         N/A       63%         1
 Necrotise                Necr           0%         1d4       63%         1
 Summon Small Mammal      Summ           0%         N/A       63%         1
 Spider Form              Tmut/Pois      0%         N/A       94%         3
 Vhi's Electric Charge    Tloc/Air       0%         N/A       94%         3
 Arcjolt                  Conj/Air       0%         1d10      100%        5
 Yara's Violent Unravell  Hex/Tmut       0%         3d3       100%        5
 Plasma Beam              Fire/Air       0%         2x1d11    100%        6


Dungeon Overview and Level Annotations

Branches:
Dungeon (7/15)             Temple (1/1) D:4

Altars:
Ashenzari
Cheibriados
Dithmenos
Hepliaklqana
Kikubaaqudgha
Makhleb
Nemelex Xobeh
Okawaru
Qazlal
Ru
Sif Muna
Trog
Wu Jian
Xom
Yredelemnul


Innate Abilities, Weirdness & Mutations

You have a pair of horns on your head.
A weak demonic guardian rushes to your aid.
You are partially covered in razor-sharp scales. (AC +1, Slay +1)
Spells you cast may paralyse adjacent enemies.


Message History

Ye start restin'.
Yer 'stra speed be startin' ta run out.
Ye feel yerself slow down.
Menkaure be nay longer movin' quickly.
Menkaure be nay longer charmed.
Menkaure hits ye but does nay damage.
Ye regain'd 9 hp, an' now haf 31/46 hp.
Ye hit Menkaure.
Lightnin' courses through Menkaure!
Ye destroy Menkaure!
Yer Maces & Flails skill increases ta level 6!
(D) Dungeon (T) Temple Where ta? (Enter - D:7 @ (x,y), ? - help)
A steam dragon be nearby!
Ye hear tha faint creakin' o' a very distant portcullis.
Tha steam dragon hisses angrily.
Ye closely miss tha steam dragon.
Tha steam dragon be heavily wounded.
Ye block tha steam dragon's attack.
Tha steam dragon closely misses ye.
Ye hit tha steam dragon.
Tha steam dragon be severely wounded.
Tha steam dragon breathas steam at ye.
Tha ball o' steam hits ye!!
A demonic guardian appears!
Tha ball o' steam misses yer iron imp.
Ye take 19 damage, an' haf 15/46 hp.
MASSIVE DAMAGE!!
Ye be too injured ta fight recklessly!
Ye be too injured ta fight recklessly!
Ye be too injured ta fight recklessly!
Ye be too injured ta fight recklessly!
Tha steam dragon bites ye.
* * * LOW HITPOINT WARNIN'
* * * Ye block tha steam dragon's attack.
Ye take 3 damage, an' haf 12/46 hp.
Ye hit tha steam dragon.
Ye headbutt tha steam dragon.
Tha steam dragon be severely wounded.
Tha steam dragon bites ye.
* * * LOW HITPOINT WARNIN'
* * * Tha steam dragon claws ye.
* * * LOW HITPOINT WARNIN'
* * * Tha steam dragon bites ye!
Ye die...
Yer body disappears without a glow.

,* #..........#.# **,,,** ,*
#.########.(M####**,** **** ,*
#.# ##.D§..# *,* *,,, ,* #.#
#.###.# *,* *,** ,* #.#
#§###.##*,*******,** ,*##.##
#.##...##,#,,,,,,,,, ,##...####
#.#..!..#§#,*****,**
....#....#####..D5...[§#,*****,**
###...#.........@.....§#,*,,,,,,,
*#...................##,*,*,*,**
#........^.#..#.....##*,*,*,*,**
##........##..##...##**,*,*,*,**
##.##...###.........,,,,,,,*,**
##*##.## ###########*******,,,
### ****


You could see a steam dragon (ally target) and a friendly iron imp (summoned).

Vanquished Creatures
  Sigmund (D:2)
  Menkaure (D:7)
  A black bear (D:4)
  An ice beast (D:5)
  A bullfrog (D:7)
  2 hounds (D:5)
  A jelly (D:4)
  An orc priest (D:3)
  A sleepcap (D:4)
  3 iguanas
  An orc wizard (D:2)
  2 adders
  An ufetubus (D:3)
  2 worms
  6 dart slugs
  8 orcs
  13 endoplasms
  3 giant cockroaches
  4 goblins
  4 hobgoblins
  9 jackals
  5 quokkas
  12 ball pythons
  5 bats
  8 frilled lizards
  8 kobolds
  8 rats
  A spectral orc (D:5)
113 creatures vanquished.

Vanquished Creatures (collateral kills)
  Edmund (D:5)
1 creature vanquished.

Grand Total: 114 creatures vanquished

Notes
Turn   | Place    | Note
-------+----------+-------------------------------------------
     0 | D:1      | ProzacElf the Demonspawn Wanderer began the quest for the
                  | Orb.
     0 | D:1      | ProzacElf set off with the following items: a +0 mace, a +2
                  | buckler, a +0 pair of gloves, a potion of heal wounds, a +0
                  | leather armour.
     0 | D:1      | Reached XP level 1. HP: 13/13 MP: 1/1
   206 | D:1      | Gained mutation: You are partially covered in razor-sharp
                  | scales. (AC +1, Slay +1) [demonic ancestry]
   206 | D:1      | Reached XP level 2. HP: 19/19 MP: 2/2
   307 | D:1      | Found a faded altar of an unknown god.
   861 | D:1      | Reached skill level 2 in Maces & Flails
   870 | D:1      | Gained mutation: You have a pair of small horns on your
                  | head. [demonic ancestry]
   870 | D:1      | Reached XP level 3. HP: 18/24 MP: 3/3
  1122 | D:2      | Noticed Sigmund
  1486 | D:3      | Gained mutation: You have a pair of horns on your head.
                  | [demonic ancestry]
  1486 | D:3      | Reached XP level 4. HP: 30/30 MP: 4/4
  1560 | D:3      | Reached skill level 3 in Maces & Flails
  1715 | D:2      | Killed Sigmund
  1716 | D:2      | Reached XP level 5. HP: 27/35 MP: 5/5
  1716 | D:2      | Gained mutation: Spells you cast may paralyse adjacent
                  | enemies. [demonic ancestry]
  1716 | D:2      | Reached XP level 6. HP: 32/41 MP: 6/6
  1964 | D:2      | Got the Grimoire of the Xenotype
  2168 | D:2      | Reached skill level 4 in Maces & Flails
  3162 | D:4      | Found a staircase to the Ecumenical Temple.
  3181 | D:4      | Reached skill level 5 in Maces & Flails
  3181 | D:4      | Reached skill level 5 in Stealth
  3181 | D:4      | Gained mutation: A weak demonic guardian rushes to your
                  | aid. [demonic ancestry]
  3181 | D:4      | Reached XP level 7. HP: 40/46 MP: 7/7
  3214 | Temple   | Entered the Ecumenical Temple
  3298 | Temple   | Became a worshipper of Nemelex Xobeh the Trickster
  3556 | D:4      | Found a shadowy altar of Dithmenos.
  3944 | D:5      | Entered Level 5 of the Dungeon
  3998 | D:5      | Found a basalt altar of Yredelemnul.
  4296 | D:5      | Noticed Edmund
  4310 | D:5      | HP: 1/46 [Edmund/+0 dire flail of protection (3)]
  4314 | D:5      | Killed Edmund
  4620 | D:5      | You fall into a shaft and drop 2 floors!
  4655 | D:7      | Noticed a steam dragon
  4656 | D:7      | Noticed Menkaure
  4666 | D:7      | HP: 1/46 [steam dragon/ball of steam (14)]
  4732 | D:7      | Killed Menkaure
  4733 | D:7      | Reached skill level 6 in Maces & Flails
  4742 | D:7      | Slain by a steam dragon

Illustrated notes

Levels and vault maps discovered:
D:1:      lightli_arrival_farm, layout_loops_corners,
          ebering_ecumenical_altar_abandoned, minmay_pentomino_w4
D:2:      layout_basic, corexii_hall_statues_l, minmay_small_reverse_x,
          uniq_sigmund
D:3:      layout_loops_ring
D:4:      layout_basic, marbit_many_paths, temple_fountains, minmay_lizard_king
D:5:      layout_rooms, yredelemnul_forgotten_temple_becter, uniq_edmund
D:7:      layout_loops_ring, enter_bailey_2, grunt_decor_resistance,
          minmay_manual_monstrance, uniq_duvessa, uniq_menkaure, uniq_maggie
Temple:   dpeg_chambers_temple

Skill      XL: |  1  2  3  4  5  6  7 |
---------------+----------------------+-----
Stealth        | 2 4 5 |  5.0
Maces & Flails | 2 3 5 6 |  6.0
Invocations    | 4 |  4.7
Throwing       | |  1.0
Dodging        | |  2.6
Shields        | |  2.6

Action                     |  1- 3 |  4- 6 |  7- 9 || total
---------------------------+-------+-------+-------++-------
  Melee: Mace              |   128 |    78 |     9 ||   215
         Headbutt          |    11 |    26 |    16 ||    53
         Whip              |       |    74 |    67 ||   141
  Throw: Dart              |       |     4 |     2 ||     6
  Evoke: Wand              |       |       |     1 ||     1
    Use: Scroll            |       |       |    14 ||    14
         Potion            |       |       |     3 ||     3
   Stab: Sleeping          |     3 |     6 |     2 ||    11
         Distracted        |       |     1 |       ||     1
 Armour: Leather armour    |    19 |       |       ||    19
         Ring mail         |    27 |    52 |    28 ||   107
  Dodge: Dodged            |    79 |    59 |    29 ||   167
  Block: Buckler           |    58 |    40 |    15 ||   113

Action                     |  1- 3 |  4- 6 |  7- 9 || total
---------------------------+-------+-------+-------++-------
  Melee: Mace              |   128 |    78 |     9 ||   215
         Headbutt          |    11 |    26 |    16 ||    53
         Whip              |       |    74 |    67 ||   141
  Throw: Dart              |       |     4 |     2 ||     6
  Evoke: Wand              |       |       |     1 ||     1
    Use: Scroll            |       |       |    14 ||    14
         Potion            |       |       |     3 ||     3
   Stab: Sleeping          |     3 |     6 |     2 ||    11
         Distracted        |       |     1 |       ||     1
 Armour: Leather armour    |    19 |       |       ||    19
         Ring mail         |    27 |    52 |    28 ||   107
  Dodge: Dodged            |    79 |    59 |    29 ||   167
  Block: Buckler           |    58 |    40 |    15 ||   113

Levels and vault maps discovered:
D:1:      lightli_arrival_farm, layout_loops_corners,
          ebering_ecumenical_altar_abandoned, minmay_pentomino_w4
D:2:      layout_basic, corexii_hall_statues_l, minmay_small_reverse_x,
          uniq_sigmund
D:3:      layout_loops_ring
D:4:      layout_basic, marbit_many_paths, temple_fountains, minmay_lizard_king
D:5:      layout_rooms, yredelemnul_forgotten_temple_becter, uniq_edmund
D:7:      layout_loops_ring, enter_bailey_2, grunt_decor_resistance,
          minmay_manual_monstrance, uniq_duvessa, uniq_menkaure, uniq_maggie
Temple:   dpeg_chambers_temple
